 Dungeon Crawl Stone Soup version 0.28-a0-381-g937acc2988 (webtiles) character file.

Game seed: 2129009572416826892

515 siradein the Shield-Bearer (level 7, -3/61 HPs)
             Began as a Deep Dwarf Fighter on Sept 1, 2021.
             Slain by Edmund (10 damage)
             ... while paralysed by Grinder
             ... on level 4 of the Dungeon.
             The game lasted 00:17:48 (2555 turns).

siradein the Shield-Bearer (Deep Dwarf Fighter)     Turns: 2555, Time: 00:17:49

Health: -3/61      AC: 10    Str: 21    XL:     7   Next: 0%
Magic:  5/5        EV:  2    Int:  9    God:
Gold:   171        SH:  0    Dex: 12    Spells: 6/6 levels left

rFire   . . .      SeeInvis .   a - +1 long sword
rCold   . . .      Faith    .   c - +0 buckler
rNeg    . . .      Spirit   .   o - +0 chain mail
rPois   .          Reflect  .   (no helmet)
rElec   .          Harm     .   (no cloak)
rCorr   .          Rampage  .   (no gloves)
Will    +....                   (no boots)
Stlth   ..........              (no amulet)
HPRegen 0.00/turn               (no ring)
MPRegen 0.09/turn               (no ring)

@: paralysed
A: damage resistance, heal wounds, sense surroundings 1, no regeneration
a: Heal Wounds


You were on level 4 of the Dungeon.
You visited 1 branch of the dungeon, and saw 4 of its levels.
You also visited: Sewer.

You collected 171 gold pieces.

Inventory:

Hand Weapons
 a - a +1 long sword (weapon)
Armour
 c - a +0 buckler (worn)
 o - a +0 chain mail (worn)
Scrolls
 b - 2 scrolls of teleportation
Potions
 d - a potion of might
 e - 2 potions of resistance
 f - 2 potions of flight
 g - a potion of curing
 j - 4 potions of heal wounds
 l - a potion of brilliance {unknown}
 m - a potion of attraction {unknown}
 n - a potion of mutation {unknown}
 p - a potion of degeneration {unknown}


   Skills:
 - Level 2.6 Fighting
 + Level 4.6 Long Blades
 + Level 5.7 Armour
 + Level 5.7 Shields


You had 6 spell levels left.
You didn't know any spells.
Your spell library contained the following spells:

 Spells                   Type           Power      Damage    Failure   Level
 Corona                   Hex            0%         N/A       98%         1
 Summon Small Mammal      Summ           0%         N/A       98%         1
 Ensorcelled Hibernation  Hex/Ice        0%         N/A       99%         2
 Call Canine Familiar     Summ           0%         N/A       100%        3
 Summon Guardian Golem    Hex/Summ       0%         N/A       100%        3
 Tukima's Dance           Hex            0%         N/A       100%        3


Dungeon Overview and Level Annotations

Branches:
Dungeon (4/15)              Sewer (visited)
 Temple: D:4-7

Altars:
Gozag
Kikubaaqudgha
Yredelemnul
Zin

Annotations:
D:4 Edmund, Grinder


Innate Abilities, Weirdness & Mutations

You are resistant to damage.
You can heal yourself by infusing magical energy.
You passively map a small area around you.
You do not regenerate.


Message History

You block Grinder's attack.
Edmund the Younger comes into view.
He is wielding a +7 dire flail of protection.
The water moccasin skeleton bites you.
You hit Grinder.
Grinder is lightly wounded.
You block the water moccasin skeleton's attack.
Grinder hits you.
You writhe in agony.
You closely miss Grinder.
Grinder is lightly wounded.
The water moccasin skeleton bites you but does no damage.
Grinder closely misses you.
The water moccasin skeleton bites you but does no damage.
You hit Grinder.
Grinder is moderately wounded.
Grinder gestures at you.
You suddenly lose the ability to move!
The water moccasin skeleton bites you but does no damage.
Grinder hits you but does no damage.
The water moccasin skeleton completely misses you.
Grinder gestures at you.
You easily resist.
Edmund hits you but does no damage.
The water moccasin skeleton completely misses you.
The water moccasin skeleton bites you but does no damage.
Grinder hits you but does no damage.
Edmund hits you with a +7 dire flail of protection!
The water moccasin skeleton bites you but does no damage.
Grinder hits you!
Edmund hits you with a +7 dire flail of protection!
* * * LOW HITPOINT WARNING * * *
The water moccasin skeleton bites you but does no damage.
Grinder barely misses you. Edmund barely misses you.
The water moccasin skeleton bites you but does no damage.
Grinder hits you.
You writhe in agony.
* * * LOW HITPOINT WARNING * * *
Edmund hits you with a +7 dire flail of protection.
* * * LOW HITPOINT WARNING * * *
The water moccasin skeleton bites you but does no damage.
Grinder hits you but does no damage.
Edmund hits you with a +7 dire flail of protection!
You die...

..........# #.#
#....##
...........# #.#
######
.....#.....# ##.#
............##..#
.##............##
...####.........#
* ####.....##
##### ,
....##...#......
.........@@...# *
*###..##.Z5.......
, #. *##<...##...
, # * ..#.##* .. ,
, * ...#..
..#..... , * #####
#.# , , , .. * , ,


You could see Edmund, Grinder and a water moccasin skeleton.

Vanquished Creatures
  An ogre (D:4)
  A necrophage (D:3)
  A kobold brigand (Sewer)
  An orc priest (D:4)
  2 orc wizards (D:4)
  2 gnolls (D:4)
  2 river rats (Sewer)
  6 adders
  An adder skeleton (D:4)
  2 worms (D:2)
  2 dart slugs
  3 orcs
  2 endoplasms
  5 giant cockroaches
  6 goblins
  8 hobgoblins
  8 jackals
  12 kobolds
  7 quokkas
  6 ball pythons
  9 bats
  3 frilled lizards
  6 rats
96 creatures vanquished.

Vanquished Creatures (collateral kills)
  A gnoll (D:4)
  A ball python (D:4)
  A giant cockroach (D:4)
3 creatures vanquished.

Grand Total: 99 creatures vanquished

Notes
Turn   | Place    | Note
-------+----------+-------------------------------------------
     0 | D:1      | siradein the Deep Dwarf Fighter began the quest for the
                  | Orb.
     0 | D:1      | Reached XP level 1. HP: 20/20 MP: 1/1
   136 | D:1      | Reached XP level 2. HP: 20/27 MP: 2/2
   874 | D:2      | Found a faded altar of an unknown god.
   895 | D:2      | Reached XP level 3. HP: 29/33 MP: 2/2
  1352 | D:2      | Reached XP level 4. HP: 39/40 MP: 3/3
  1657 | D:3      | Noticed a necrophage
  1718 | D:3      | Found an ancient bone altar of Kikubaaqudgha.
  1718 | D:3      | Found a basalt altar of Yredelemnul.
  1719 | D:3      | Found an opulent altar of Gozag.
  1719 | D:3      | Found a glowing silver altar of Zin.
  1903 | D:3      | Killed a necrophage
  1904 | D:3      | Reached XP level 5. HP: 43/46 MP: 4/4
  2103 | D:4      | Noticed an ogre
  2109 | D:4      | Killed an ogre
  2110 | D:4      | Reached skill level 5 in Armour
  2110 | D:4      | Reached skill level 5 in Shields
  2110 | D:4      | Reached XP level 6. HP: 34/55 MP: 5/5
  2331 | D:4      | Found a glowing drain.
  2364 | Sewer    | Entered a sewer
  2452 | Sewer    | Reached XP level 7. HP: 43/61 MP: 5/5
  2472 | Sewer    | Found a white marble altar of Elyvilon.
  2543 | D:4      | Noticed Grinder
  2546 | D:4      | Noticed Edmund
  2549 | D:4      | Paralysed by Grinder for 7 turns
  2555 | D:4      | Slain by Edmund

Illustrated notes

Levels and vault maps discovered:
D:1:      roderic_crossed_star, layout_basic
D:2:      layout_loops_ring, shapermc_ecumenical_altar_totnotflames,
          mrwooster_statue_mirror, chequers_serial_rivers_large_a, hex_tiny,
          grunt_ministairs_10, lemuel_old_faithful
D:3:      layout_rooms, chequers_temple_overflow_statue_of_worship,
          kennysheep_generic_room_13
D:4:      layout_rooms, portal_sewer_entry_f, hangedman_decor_growths,
          uniq_grinder, uniq_edmund

Skill      XL: |  1  2  3  4  5 |
---------------+----------------+-----
Armour         | 4 5 |  5.7
Shields        | 4 5 |  5.7
Long Blades    | 3 4 |  4.6
Fighting       | |  2.6

Action                   |  1- 3 |  4- 6 |  7- 9 || total
-------------------------+-------+-------+-------++-------
Melee: Long sword        |   140 |   224 |     6 ||   370
 Abil: Heal Wounds       |     2 |     3 |       ||     5
  Use: Scroll            |       |     7 |       ||     7
Armor: Scale mail        |    73 |       |       ||    73
       Chain mail        |    10 |   167 |    12 ||   189
Dodge: Dodged            |    70 |    95 |     6 ||   171
Block: Buckler           |    31 |    61 |     2 ||    94

Table legend: (Time is in decaauts)
 A = Elapsed time spent in this place.
 B = Non-inter-level travel time spent in this place.
 C = Inter-level travel time spent in this place.
 D = Time resting spent in this place.
 E = Time spent auto-exploring this place.
 F = Levels seen in this place.
 G = Mean time per level.
                   A        B        C        D        E       F      G
               +--------+--------+--------+--------+--------+-----+--------+
         Total |   2682 |   2625 |     57 |      0 |   1713 |   5 |  536.4 |
       Dungeon |   2502 |   2445 |     57 |      0 |   1603 |   4 |  625.5 |
         Sewer |    179 |    179 |      0 |      0 |    109 |   1 |  179.0 |
               +--------+--------+--------+--------+--------+-----+--------+

Top non-repeatable levels by time:
     D:1: 870 daAuts
     D:2: 868 daAuts
     D:3: 438 daAuts
     D:4: 325 daAuts
   Sewer: 179 daAuts
